 Dungeon Crawl Stone Soup version 0.22-a0-271-gc000056 (webtiles) character file.

6288 matakusis the Summoner (level 10, -5/50 HPs)
             Began as a Deep Elf Summoner on Mar 11, 2018.
             Was an Elder of Sif Muna.
             Killed from afar by a gargoyle (20 damage)
             ... with a stone arrow
             ... on level 11 of the Dungeon.
             The game lasted 01:14:32 (11253 turns).

matakusis the Summoner (Deep Elf Summoner)         Turns: 11253, Time: 01:14:33

Health: -5/50      AC:  5    Str:  9    XL:     10   Next: 63%
Magic:  3/28       EV: 13    Int: 24    God:    Sif Muna [****..]
Gold:   732        SH:  0    Dex: 15    Spells: 17/33 levels left

rFire    + . .     SeeInvis .   j - +2 short sword (venom)
rCold    + . .     Gourm    .   (no shield)
rNeg     . . .     Faith    .   b - +2 robe {rC+ rF+}
rPois    .         Spirit   .   (no helmet)
rElec    .         Reflect  .   (no cloak)
rCorr    .         Harm     .   (no gloves)
MR       +....                  a - +0 pair of boots
Stlth    ++........             (no amulet)
HPRegen  0.16/turn              q - +2 ring of strength
MPRegen  0.21/turn              (no ring)

@: about to teleport
A: talons 1, sense surroundings 1, strong 1
a: Divine Energy, Channel Magic, Forget Spell, Renounce Religion


You were on level 11 of the Dungeon.
You worshipped Sif Muna.
Sif Muna was greatly pleased with you.
You were hungry.

You visited 2 branches of the dungeon, and saw 12 of its levels.
You also visited: Sewer.

You collected 778 gold pieces.
You spent 46 gold pieces at shops.

Inventory:

Hand Weapons
 j - a +2 short sword of venom (weapon)
Missiles
 m - 139 arrows
 A - 86 sling bullets
Armour
 a - a +0 pair of boots (worn)
 b - a +2 robe of resistance (worn)
Jewellery
 q - a +2 ring of strength (left hand)
Wands
 f - a wand of acid (6)
 k - a wand of flame (22)
 o - a wand of iceblast (21)
 x - a wand of random effects (32)
 C - a wand of paralysis (4)
Scrolls
 e - 5 scrolls of remove curse
 h - 4 scrolls of immolation
 n - 2 scrolls of enchant armour
 t - a scroll of magic mapping
 u - a scroll of enchant weapon
 v - 3 scrolls of amnesia
 y - 2 scrolls of teleportation
Potions
 d - 2 potions of lignification
 g - 6 potions of heal wounds
 i - 4 potions of curing
 l - 3 potions of flight
 p - 5 potions of brilliance
 r - 2 potions of agility
 s - 2 potions of might
 z - a potion of haste
 B - a potion of resistance {unknown}
 D - 2 potions of cancellation {unknown}
 E - a potion of degeneration {unknown}
Comestibles
 c - 19 rations
 w - 8 chunks of flesh


   Skills:
 - Level 2.4 Dodging
 - Level 2.4 Stealth
 + Level 12.2 Spellcasting
 + Level 3.7 Hexes
 * Level 12.7 Summonings
 + Level 6.6 Ice Magic


You had 17 spell levels left.
You knew the following spells:

 Your Spells              Type           Power        Failure   Level  Hunger
a - Summon Small Mammal   Summ           ####         1%          1    None
b - Call Imp              Summ           ######..     1%          2    None
c - Summon Ice Beast      Ice/Summ       ######..     1%          4    None
d - Summon Lightning Spi  Summ/Air       #####...     3%          4    None
e - Metabolic Englaciati  Hex/Ice        #####.....   14%         5    ###....


Dungeon Overview and Level Annotations

Branches:
Dungeon (11/15)            Temple (1/1) D:7            Lair (0/6) D:11
    Orc (0/2) D:9

Altars:
Ashenzari
Cheibriados
Dithmenos
Elyvilon
Fedhas
Gozag
Hepliaklqana
Kikubaaqudgha
Makhleb
Nemelex Xobeh
Okawaru
Qazlal
Ru
Sif Muna
Trog
Uskayaw
Vehumet
Wu Jian
Xom
Yredelemnul
Zin
The Shining One

Shops:
D:6 =   D:7 %?   D:9 *


Innate Abilities, Weirdness & Mutations

You have sharp toenails.
You passively map a small area around you.
Your muscles are strong. (Str +2)


Message History

Your lightning spire is destroyed!
Okay, then.
Okay, then.
As you read the scroll of teleportation, it crumbles to dust.
You feel strangely unstable.
The centaur wields a shortbow.
The centaur shoots an arrow.
The arrow hits you.
The centaur shoots an arrow.
The arrow hits you!
You see here an arrow.
Your surroundings suddenly seem different.
A gargoyle comes into view. It is wielding a mace.
As you read the scroll of teleportation, it crumbles to dust.
You feel strangely unstable.
The gargoyle hurls a stone arrow at you.
The stone arrow hits you!
Ouch! That really hurt!
* * * LOW HITPOINT WARNING * * *
You feel better.
The gargoyle hurls a stone arrow at you.
The stone arrow hits you!
You die...

.# *
#..........########'##
#..(.......'.#.#...... *
#*#..........#.'.#.#.###
,..+..........###.#.#...#
#.>.....)....# #.#.###.#
, * ###..........#
#...8†#.. * #..........#
######### ,* #....9.....#
####.@.##### * ###..#
###* ,....# .... .....#
.... ...# .... , , ...#
.... , ...# .... , , ...#
....


You could see a gargoyle.

Vanquished Creatures
  Prince Ribbit (D:9)
  A phantom (D:8)
  3 worker ants
  An adder (D:3)
  A worm (D:3)
  3 leopard geckos
  4 orcs
  A giant cockroach (D:4)
  2 goblins
  A hobgoblin (D:2)
  3 jackals
  4 quokkas
  2 ball pythons
  2 bats
  A jackal zombie (D:5)
  4 kobolds
  A leopard gecko zombie (D:7)
  3 rats
38 creatures vanquished.

Vanquished Creatures (collateral kills)
  Harold (D:11)
  A hydra (D:10)
  The ghost of Vesto the Fighter, a novice MiFi of Okawaru (D:9)
  3 two-headed ogres
  3 slime creatures (D:11)
  Joseph (D:7)
  A centaur skeleton (D:10)
  A troll (D:9)
  A hornet (D:11)
  3 hippogriffs
  2 wyverns (D:11)
  A wraith (D:11)
  A hungry ghost (D:7)
  5 orc warriors
  A water moccasin (D:6)
  A hornet zombie (D:8)
  3 ice beasts
  6 ogres
  2 phantoms
  3 centaurs
  A big kobold (D:8)
  5 bullfrogs
  A wyvern zombie (D:7)
  A water moccasin skeleton (D:7)
  A scorpion (D:7)
  4 killer bees (D:9)
  3 wights (D:7)
  5 crimson imps
  3 howler monkeys
  2 centaur zombies
  2 jellies (D:10)
  9 hounds
  5 orc priests
  9 orc wizards
  Terence (D:2)
  Jessica (D:2)
  2 bullfrog skeletons
  10 worker ants
  3 iguanas
  A killer bee zombie (D:10)
  A hound skeleton (D:11)
  A worker ant zombie (D:6)
  Robin (D:2)
  13 adders
  2 gnolls (D:5)
  6 river rats (Sewer)
  3 shadow imps
  2 oozes (Sewer)
  2 worms
  A dart slug (D:1)
  5 leopard geckos
  47 orcs
  2 giant cockroaches
  8 goblins
  15 hobgoblins
  6 jackals
  4 quokkas
  2 ball pythons
  3 bats
  6 frilled lizards
  A jackal skeleton (D:6)
  26 kobolds
  2 quokka skeletons
  23 rats
292 creatures vanquished.

Vanquished Creatures (others)
  A quokka (D:7)
1 creature vanquished.

Grand Total: 331 creatures vanquished

Notes
Turn   | Place    | Note
-------+----------+-------------------------------------------
     0 | D:1      | matakusis the Deep Elf Summoner began the quest for the Orb.
     0 | D:1      | Reached XP level 1. HP: 10/10 MP: 6/6
   208 | D:1      | Reached XP level 2. HP: 12/15 MP: 5/8
   252 | D:1      | Learned a level 2 spell: Call Imp
   327 | D:1      | Reached skill level 5 in Summonings
   941 | D:2      | Noticed Terence
  1013 | D:2      | Killed Terence
  1013 | D:2      | Reached XP level 3. HP: 5/19 MP: 0/10
  1115 | D:2      | Noticed Jessica
  1130 | D:2      | Killed Jessica
  1211 | D:2      | Found a hide-covered altar of Uskayaw.
  1221 | D:2      | Noticed a hand axe
  1221 | D:2      | Noticed a hand axe
  1256 | D:2      | Found a stormy altar of Qazlal.
  1302 | D:2      | Noticed Robin
  1312 | D:2      | Killed Robin
  1312 | D:2      | Reached XP level 4. HP: 24/24 MP: 6/12
  1366 | D:2      | Learned a level 4 spell: Summon Ice Beast
  1371 | D:2      | Learned a level 4 spell: Summon Lightning Spire
  2274 | D:3      | Found a sacrificial altar of Ru.
  2653 | D:4      | Noticed a phantom
  2680 | D:4      | Killed a phantom
  2680 | D:4      | Reached skill level 5 in Spellcasting
  2680 | D:4      | Reached skill level 1 in Ice Magic
  2680 | D:4      | Reached XP level 5. HP: 19/28 MP: 1/14
  2855 | D:4      | Noticed an ogre
  3435 | D:4      | Killed an ogre
  3443 | D:4      | Noticed an ogre
  3545 | D:4      | Killed an ogre
  3545 | D:4      | Reached XP level 6. HP: 32/32 MP: 4/16
  3552 | D:4      | Learned a level 5 spell: Metabolic Englaciation
  3838 | D:4      | You fall through a shaft for 3 floors!
  3838 | D:7      | Noticed an ice beast
  3849 | D:7      | Killed an ice beast
  3939 | D:7      | Found Sosaupn's Food Boutique.
  4043 | D:6      | Found an ancient bone altar of Kikubaaqudgha.
  4098 | D:6      | Reached skill level 1 in Hexes
  4180 | D:6      | Found Kytsaps's Jewellery Boutique.
  4194 | D:6      | Noticed a water moccasin
  4207 | D:6      | Killed a water moccasin
  4256 | D:6      | Found a glowing drain.
  4260 | Sewer    | Entered a sewer
  4348 | Sewer    | Reached XP level 7. HP: 36/36 MP: 3/18
  5044 | D:5      | Entered Level 5 of the Dungeon
  5310 | D:5      | Found a sparkling altar of Nemelex Xobeh.
  5483 | D:5      | Found an iron altar of Okawaru.
  5713 | D:5      | Found an ornate altar of the Wu Jian Council.
  6351 | D:7      | Found a basalt altar of Yredelemnul.
  6390 | D:7      | Found a burning altar of Makhleb.
  6425 | D:7      | Reached XP level 8. HP: 23/41 MP: 4/21
  6444 | D:7      | Found Lommunech's Magic Scroll Shoppe.
  6595 | D:7      | Noticed Joseph
  6613 | D:7      | Killed Joseph
  7077 | D:7      | Found a staircase to the Ecumenical Temple.
  7083 | Temple   | Entered the Ecumenical Temple
  7105 | Temple   | Became a worshipper of Sif Muna the Loreminder
  7926 | D:8      | Noticed a two-headed ogre
  7936 | D:8      | Killed a two-headed ogre
  7936 | D:8      | Reached * piety under Sif Muna
  7936 | D:8      | Reached XP level 9. HP: 44/45 MP: 7/24
  8018 | D:8      | Reached skill level 5 in Ice Magic
  8542 | D:9      | Noticed Prince Ribbit
  8550 | D:9      | Killed Prince Ribbit
  8550 | D:9      | Reached skill level 10 in Summonings
  8687 | D:9      | Reached skill level 10 in Spellcasting
  8735 | D:9      | Found Wolixoce's Assorted Antiques.
  8741 | D:9      | Bought a murky golden potion for 23 gold pieces
  8741 | D:9      | Bought a sedimented amethyst potion for 23 gold pieces
  8812 | D:9      | Reached ** piety under Sif Muna
  9052 | D:9      | Found a staircase to the Orcish Mines.
  9216 | D:9      | Noticed a troll
  9237 | D:9      | Killed a troll
  9303 | D:9      | Noticed Vesto's ghost (novice MiFi)
  9318 | D:9      | Killed Vesto's ghost
  9482 | D:10     | Entered Level 10 of the Dungeon
  9578 | D:10     | Noticed a two-headed ogre
  9586 | D:10     | Killed a two-headed ogre
  9601 | D:10     | Gained mutation: Armour fits poorly on your strangely shaped body. [potion of mutation]
  9601 | D:10     | Gained mutation: Your mind is acute. (Int +2) [potion of mutation]
  9602 | D:10     | Lost mutation: Armour fits poorly on your strangely shaped body. [potion of mutation]
  9602 | D:10     | Lost mutation: Your mind is acute. (Int +2) [potion of mutation]
  9602 | D:10     | Gained mutation: You passively map a small area around you. [potion of mutation]
  9602 | D:10     | Gained mutation: You have sharp toenails. [potion of mutation]
  9602 | D:10     | Gained mutation: Your muscles are strong. (Str +2) [potion of mutation]
  9847 | D:10     | Reached XP level 10. HP: 42/50 MP: 17/27
  9875 | D:10     | Reached *** piety under Sif Muna
 10208 | D:10     | Noticed a seven-headed hydra
 10215 | D:10     | Killed a seven-headed hydra
 10598 | D:10     | Noticed a two-headed ogre
 10615 | D:10     | Killed a two-headed ogre
 10769 | D:11     | Noticed Harold
 10784 | D:11     | Killed Harold
 10794 | D:11     | Found a staircase to the Lair.
 11245 | D:11     | Reached **** piety under Sif Muna
 11252 | D:11     | Noticed a gargoyle
 11253 | D:11     | Killed from afar by a gargoyle

Vault maps used:
D:1:      zaba_arrival_water, minivault_27
D:2:      dancing_weapons_uskayaw, lemuel_crystal_altar, uniq_terence,
          uniq_robin, uniq_jessica
D:3:      nicolae_ru_sacrificial_ziggurat
D:4:      wad_river_or_something
D:5:      okawaru_altar_gauntlet_db, kennysheep_mini_moat, first_ration,
          nemelex_diamond_rough_becter
D:6:      old_standard_altar, serial_shops, shop, gup_sewer_entry_bowl
D:7:      yredelemnul_altar_generic, minmay_temple_entry_fiery, serial_shops,
          kennysheep_little_box, shop, basic_altar, uniq_joseph
D:9:      hiddenorc2_lemuel, serial_shops, nicolae_shop_trees,
          uniq_prince_ribbit1
D:11:     lair_entry_dummy, uniq_harold
Temple:   regret_index_temple_waves
Sewer:    sewer_minmay_treatment

Skill      XL: |  1  2  3  4  5  6  7  8  9 10 |
---------------+-------------------------------+-----
Summonings     | 5 6 7 9 11 12 | 12.7
Spellcasting   | 4 5 6 7 9 11 12 | 12.2
Ice Magic      | 1 2 3 4 5 6 |  6.6
Hexes          | 1 3 |  3.7
Dodging        | |  2.4
Stealth        | |  2.4

Action                   |  1- 3 |  4- 6 |  7- 9 | 10-12 || total
-------------------------+-------+-------+-------+-------++-------
Melee: Unarmed           |     1 |       |       |       ||     1
       Short sword       |    16 |    39 |    86 |     6 ||   147
       Dagger            |     2 |       |       |       ||     2
 Cast: Summon Small Mamm |    16 |     2 |       |       ||    18
       Call Imp          |    34 |    42 |     9 |     1 ||    86
       Summon Lightning  |       |    17 |    70 |    27 ||   114
       Summon Ice Beast  |       |    11 |    59 |    21 ||    91
       Metabolic Englaci |       |       |       |     1 ||     1
  Use: Scroll            |     9 |     9 |     7 |     2 ||    27
       Potion            |       |     5 |     3 |     1 ||     9
 Stab: Sleeping          |       |     1 |       |       ||     1
       Distracted        |       |       |     4 |       ||     4
  Eat: Chunk             |     1 |    16 |    20 |     5 ||    42
       Ration            |       |       |     1 |       ||     1
Armor: Robe              |     5 |    23 |    31 |     4 ||    63
Dodge: Dodged            |    21 |    51 |    87 |    10 ||   169

Table legend:
 A = Spawn XP
 B = Non-spawn XP
 C = Spawn XP percentage of total XP
 D = Spawn monster count
 E = Non-spawn monster count
 F = Spawn count percentage of total count
 G = Total turns spent on level
                    A         B        C        D         E        F      G
               +---------+---------+-------+---------+---------+-------+---------
         Total |       0 |    8983 |   0.0 |       0 |     331 |   0.0 | 11253
               +---------+---------+-------+---------+---------+-------+---------
           D:1 |       0 |      24 |   0.0 |       0 |      22 |   0.0 |   619
           D:2 |       0 |      84 |   0.0 |       0 |      24 |   0.0 |   940
           D:3 |       0 |      57 |   0.0 |       0 |      20 |   0.0 |   830
           D:4 |       0 |     271 |   0.0 |       0 |      16 |   0.0 |  1451
           D:5 |       0 |     241 |   0.0 |       0 |      27 |   0.0 |   696
           D:6 |       0 |     298 |   0.0 |       0 |      18 |   0.0 |   864
           D:7 |       0 |    1012 |   0.0 |       0 |      32 |   0.0 |  1264
           D:8 |       0 |    1048 |   0.0 |       0 |      24 |   0.0 |   988
           D:9 |       0 |    1540 |   0.0 |       0 |      48 |   0.0 |   940
          D:10 |       0 |    2308 |   0.0 |       0 |      28 |   0.0 |  1191
          D:11 |       0 |    1990 |   0.0 |       0 |      24 |   0.0 |   580
         Sewer |       0 |     110 |   0.0 |       0 |      48 |   0.0 |   743
               +---------+---------+-------+---------+---------+-------+---------
